 Dungeon Crawl Stone Soup version 0.29-a0-841-g116ddc6ace (webtiles) character file.

Game seed: 5252461992874038325

90276 frimble the Carver (level 15, -1/113 HPs)
             Began as a Demonspawn Hedge Wizard on July 15, 2022.
             Was the Champion of Cheibriados.
             Killed from afar by Aizul (5 damage)
             ... with a bolt of poison
             ... on level 1 of the Snake Pit.
             The game lasted 00:33:27 (21384 turns).

frimble the Carver (Demonspawn Hedge Wizard)       Turns: 21384, Time: 00:33:28

Health: -1/113     AC: 17    Str: 23    XL:     15   Next: 51%
Magic:  29/29      EV: 21    Int: 37    God:    Cheibriados [******]
Gold:   5534       SH:  6    Dex: 33    Spells: 25/35 levels left

rFire   . . .      SeeInvis .   b - +7 Singing Sword {vorpal, sonic wave}
rCold   + + .      Faith    .   (no shield)
rNeg    . . .      Spirit   .   F - +1 robe of Free Will {rC+ Slay+6}
rPois   .          Reflect  .   c - +2 hat
rElec   .          Harm     .   I - +2 cloak
rCorr   .          Rampage  .   K - +0 pair of gloves
Will    +....                   Y - +2 pair of boots
Stlth   +++.......              Q - amulet of Xom's Fair Game {RegenMP Str-3 Dex+5 Slay+5}
HPRegen 1.08/turn               f - +4 ring of evasion
MPRegen 0.61/turn               U - +4 ring of protection

@: lethally poisoned (-1 -> -22), constricted, studying Fighting, very slow
A: claws 1, large bone plates 2, foul stench 2, icemail 1, condensation shield,
cold resistance 1, regeneration 1
a: Renounce Religion, Bend Time, Temporal Distortion, Slouch, Step From Time


You were on level 1 of the Snake Pit.
You worshipped Cheibriados.
Cheibriados was exalted by your worship.
You visited 5 branches of the dungeon, and saw 25 of its levels.

You collected 6716 gold pieces.
You spent 1182 gold pieces at shops.

Inventory:

Hand Weapons
 a - a +4 scimitar of flaming
 b - the +7 Singing Sword (weapon) {vorpal, sonic wave}
   (You found it on level 5 of the Dungeon)

   It inflicts extra damage upon your enemies.
   It radiates damaging sonic waves as it strikes, especially in combat
   involving dangerous or numerous foes.
Missiles
 u - 2 throwing nets
 R - 17 javelins
Armour
 c - a +2 hat (worn)
 r - a +0 troll leather armour
 y - a +2 robe of cold resistance
 F - the +1 robe of Free Will (worn) {rC+ Slay+6}
   (You found it on level 3 of the Lair of Beasts)

   Slay:      It affects your accuracy & damage with ranged weapons and melee
   (+6).
   rC:        It protects you from cold.
 I - a +2 cloak (worn)
 K - a +0 pair of gloves (worn)
 Y - a +2 pair of boots (worn)
Jewellery
 f - a +4 ring of evasion (left hand)
 h - a ring of protection from fire
 l - the amulet "Nenih" {RegenMP rElec Int+6 Stlth+}
   (You acquired it on level 2 of the Dungeon)

   [amulet of magic regeneration]

   It increases your rate of magic regeneration.
   Int:       It affects your intelligence (+6).
   rElec:     It insulates you from electricity.
   Stlth:     It makes you more stealthy.
 w - a ring of protection from cold
 O - a +4 ring of protection
 Q - the amulet of Xom's Fair Game (around neck) {RegenMP Str-3 Dex+5 Slay+5}
   (You acquired it on level 11 of the Dungeon)

   [amulet of magic regeneration]

   It increases your rate of magic regeneration.
   Str:       It affects your strength (-3).
   Dex:       It affects your dexterity (+5).
   Slay:      It affects your accuracy & damage with ranged weapons and melee
   (+5).
 U - a +4 ring of protection (right hand)
 V - an amulet of regeneration
Wands
 e - a wand of acid (37)
 n - a wand of paralysis (10)
 A - a wand of flame (14)
 E - a wand of iceblast (15)
 H - a wand of digging (4)
 M - a wand of mindburst (4)
 P - a wand of polymorph (17)
Scrolls
 m - 4 scrolls of immolation
 p - 3 scrolls of fog
 q - 7 scrolls of teleportation
 B - 11 scrolls of identify
 C - 4 scrolls of magic mapping
 D - 3 scrolls of summoning
 G - 4 scrolls of enchant armour
 J - 4 scrolls of enchant weapon
 N - a scroll of poison
 T - a scroll of silence
 W - a scroll of brand weapon
 X - a scroll of amnesia
Potions
 d - 2 potions of magic
 g - 6 potions of flight
 i - 4 potions of brilliance
 j - a potion of might
 k - 5 potions of heal wounds
 s - 8 potions of lignification
 t - 7 potions of attraction
 v - 7 potions of mutation
 x - 9 potions of curing
 z - 3 potions of berserk rage
 L - a potion of haste
 S - a potion of invisibility
 Z - 2 potions of resistance
Miscellaneous
 o - a tin of tremorstones (2/2)


   Skills:
 + Level 9.3 Fighting
 - Level 2.8(9.0) Short Blades
 + Level 13.1(13.3) Long Blades
 - Level 4.0 Throwing
 - Level 6.0 Armour
 - Level 6.7 Dodging
 - Level 1.8 Stealth
 - Level 4.3 Unarmed Combat
 - Level 10.6 Spellcasting
 - Level 4.0 Conjurations
 - Level 7.0 Summonings
 - Level 7.6 Translocations
 - Level 8.4 Air Magic
 + Level 8.3 Invocations
 - Level 3.3 Evocations


You had 25 spell levels left.
You knew the following spells:

 Your Spells              Type           Power      Damage    Failure   Level
a - Magic Dart            Conj           100%       1d8       1%          1
b - Blink                 Tloc           100%       N/A       1%          2
c - Apportation           Tloc           100%       N/A       1%          1
d - Passwall              Tmut/Erth      15%        N/A       3%          2
e - Summon Lightning Spi  Summ/Air       67%        N/A       1%          4

Your spell library contained the following spells:

 Spells                   Type           Power      Damage    Failure   Level
 Necrotise                Necr           76%        1d7       1%          1
 Sandblast                Erth           38%        2d10      1%          1
 Slow                     Hex            76%        N/A       1%          1
 Sting                    Tmut/Pois      76%        1d6       1%          1
 Summon Small Mammal      Summ           100%       N/A       1%          1
 Call Imp                 Summ           64%        N/A       1%          2
 Poisonous Vapours        Pois/Air       100%       N/A       1%          2
 Static Discharge         Conj/Air       60%        3-11/arc  1%          2
 Call Canine Familiar     Summ           64%        N/A       1%          3
 Gell's Gravitas          Tloc           66%        N/A       1%          3
 Lesser Beckoning         Tloc           66%        N/A       1%          3
 Mephitic Cloud           Conj/Pois/Air  50%        N/A       1%          3
 Summon Guardian Golem    Hex/Summ       45%        N/A       1%          3
 Teleport Other           Tloc           66%        N/A       1%          3
 Passage of Golubria      Tloc           66%        N/A       1%          4
 Conjure Flame            Conj/Fire      34%        6-21      2%          3
 Dazzling Flash           Conj/Hex       68%        N/A       2%          3
 Stone Arrow              Conj/Erth      68%        3d11      2%          3
 Manifold Assault         Tloc           66%        N/A       2%          5
 Lightning Bolt           Conj/Air       30%        1d47      4%          5
 Tukima's Dance           Hex            19%        N/A       6%          3
 Corpse Rot               Necr/Pois/Air  40%        N/A       6%          4
 Silence                  Hex/Air        25%        N/A       10%         5
 Anguish                  Hex/Necr       9%         N/A       21%         4
 Dispel Undead            Necr           19%        3d11      21%         4
 Olgreb's Toxic Radiance  Pois           19%        N/A       21%         4
 Agony                    Necr           19%        N/A       50%         5
 Alistair's Intoxication  Tmut/Pois      12%        N/A       50%         5
 Borgnjor's Vile Clutch   Necr/Erth      9%         N/A       50%         5
 Yara's Violent Unravell  Hex/Tmut       9%         3d6       50%         5
 Spellforged Servitor     Conj/Summ      28%        N/A       88%         7
 Death Channel            Necr           9%         N/A       97%         6
 Eringya's Noxious Bog    Tmut/Pois      9%         N/A       97%         6
 Storm Form               Tmut/Air       25%        N/A       97%         7
 Orb of Destruction       Conj           24%        9d9       98%         7
 Maxwell's Capacitive Co  Air            35%        ∞         99%         8
 Enfeeble                 Hex            9%         N/A       100%        7


Dungeon Overview and Level Annotations

Branches:
Dungeon (15/15)            Temple (1/1) D:5            Lair (6/6) D:10
  Swamp (0/4) Lair:4        Snake (1/4) Lair:3        Slime (0/5) Lair:5
    Orc (2/2) D:12            Elf (0/3) Orc:2        Depths (0/4) D:15
 Vaults: D:13-14

Altars:
Ashenzari
Cheibriados
Dithmenos
Fedhas
Gozag
Hepliaklqana
Kikubaaqudgha
Makhleb
Nemelex Xobeh
Okawaru
Qazlal
Ru
Sif Muna
Trog
Uskayaw
Vehumet
Wu Jian
Xom
Yredelemnul
Jiyva

Shops:
D:2 =   D:6 (   D:8 *   D:10 [   D:12 !   Orc:1 (   Orc:2 *[*(   Snake:1 (

Portals:
Trove: D:12 (give +6 demon blade)

Annotations:
D:15 3 runed translucent doors, Wiilli's ghost, journeyman SpVM
Snake:1 Aizul


Innate Abilities, Weirdness & Mutations

You have sharp fingernails.
You are mostly covered in large bone plates. (SH +6)
You sometimes emit foul miasma when damaged in melee.
A meltable icy envelope protects you from harm. (AC +0)
A meltable shield of frost defends you. (SH +0)
Your flesh is cold resistant. (rC+)
Your natural rate of healing is unusually fast.


Message History

Aizul is almost dead.
You feel sick. The naga mage spits poison at you.
The splash of poison hits you.
You are more poisoned.
The salamander hits you from afar with a +0 trident!
You are engulfed in flames!
The salamander misses you.
The guardian serpent casts a spell at you.
You resist with some effort. Aizul closely misses you.
You closely miss Aizul.
Aizul is almost dead.
You feel sick. The naga mage completely misses you. The naga mage grabs you.
The naga mage constricts you. Aizul hits you!
* * * LOW HITPOINT WARNING * * *
The salamander barely misses you.
The guardian serpent hits you but does no damage.
The salamander barely misses you. The naga mage barely misses you.
The naga mage constricts you.
You fail to use your ability.
You feel very sick. Aizul casts a spell at you. The poison arrow misses you.
The guardian serpent coils itself and waves its upper body at you.
The salamander blinks! x2
The naga mage spits poison at you. The splash of poison misses you.
The naga mage constricts you.
* * * LOW HITPOINT WARNING * * *
You fail to use your ability.
You feel sick. Aizul hits you but does no damage.
You block the guardian serpent's attack.
The naga mage hits you but does no damage.
The naga mage constricts you.
The salamander hits you with a +0 trident.
* * * LOW HITPOINT WARNING * * *
You are engulfed in flames!
* * * LOW HITPOINT WARNING * * *
You emit a cloud of foul miasma!
Aizul casts a spell at you. The bolt of poison hits you.
You are lethally poisoned!
You die...

##.#.### ###....#
##...#.##
##########......#
...........#.####
..........##.#
.........#..$#
.....§N.N..###
......S@)###
......SN.#
......)..#
.........#
.........#
##########


You could see Aizul, 2 salamanders, a guardian serpent and a naga mage (fast).

Vanquished Creatures
  Kirke (D:14)
  Nessos (Lair:6)
  The ghost of Eptoer the Carver, a journeyman MfBe of Trog (Lair:2)
  Snorg (D:13)
  A fire dragon (Lair:6)
  Erolcha (D:13)
  A boulder beetle (Lair:5)
  5 hydras
  Erica (Lair:1)
  The ghost of xian the Covert, a journeyman OpBe of Trog (D:11)
  7 two-headed ogres
  A centaur warrior (D:14)
  A naga warrior (Snake:1)
  3 death yaks (Lair:6)
  2 orc high priests
  3 tengu warriors (D:15)
  2 spriggans (Lair:2)
  A skeletal warrior (D:14)
  3 lindwurms (Lair:6)
  A bog body (Lair:4)
  12 orc knights
  3 deep elf pyromancers
  Pikel (D:5)
  2 mana vipers (Snake:1)
  4 orc sorcerers
  7 cyclopes
  5 manticores
  3 salamanders (Snake:1)
  12 black mambas
  6 elephants
  A black mamba (shapeshifter) (D:14)
  9 torpor snails
  3 gargoyles
  An unseen horror (D:10)
  14 cane toads
  A cane toad (shapeshifter) (D:14)
  2 rime drakes (Lair:6)
  A tengu conjurer (D:15)
  4 komodo dragons
  3 kobold demonologists (D:11)
  2 efreet (D:15)
  10 trolls
  A freezing wraith (D:14)
  3 meliai (D:13)
  3 tyrant leeches (Lair:6)
  A polar bear (Lair:3)
  11 hornets
  7 saltlings (Orc:2)
  4 slime creatures
  11 blink frogs
  4 dream sheep
  A wraith (D:13)
  2 shadows
  7 hogs (D:14)
  2 vampires
  3 basilisks
  A wyvern (Lair:2)
  Eustachio (D:5)
  59 yaks
  A steam dragon (Lair:3)
  6 vampire mosquitoes
  3 swamp worms (Lair:4)
  2 acid dragons
  A warg (Orc:2)
  7 nagas
  A floating eye (shapeshifter) (D:15)
  Duvessa (D:5)
  19 orc warriors
  10 water moccasins
  3 sky beasts
  9 ogres
  A black bear (D:5)
  20 centaurs
  11 wolves
  4 lemures (D:5)
  9 kobold brigands
  A gnoll sergeant (Orc:2)
  Blork the orc (D:4)
  12 bullfrogs
  5 scorpions (D:5)
  20 wights
  Dowan (D:5)
  8 killer bees
  4 electric eels (Lair:3)
  4 howler monkeys (D:9)
  3 gnoll boudas
  4 hounds
  4 jellies
  16 orc priests
  Crazy Yiuf (D:7)
  Jessica (D:3)
  An iguana (D:5)
  18 orc wizards
  4 hell rats (Lair:4)
  8 adders
  21 gnolls
  A white imp (D:7)
  3 ufetubi (D:6)
  A dart slug (D:5)
  83 orcs
  12 bats
  5 endoplasms
  5 giant cockroaches
  7 hobgoblins
  14 kobolds
  A quokka (D:1)
  6 ball pythons
  A frilled lizard (D:1)
  6 goblins
  3 rats
  22 pillars of salt (Orc:2)
680 creatures vanquished.

Vanquished Creatures (others)
  A hornet simulacrum (D:15)
  63 fungi
  100 plants
164 creatures vanquished.

Grand Total: 844 creatures vanquished

Notes
Turn   | Place    | Note
-------+----------+-------------------------------------------
     0 | D:1      | frimble the Demonspawn Hedge Wizard began the quest for the
                  | Orb.
     0 | D:1      | Reached XP level 1. HP: 13/13 MP: 4/4
   398 | D:1      | Gained mutation: You may rarely emit foul miasma when
                  | damaged in melee. [demonic ancestry]
   398 | D:1      | Reached XP level 2. HP: 18/19 MP: 6/6
   441 | D:1      | Reached skill level 1 in Short Blades
  1179 | D:2      | You fall into a shaft and drop 1 floor!
  1391 | D:3      | Gained mutation: Your flesh is cold resistant. (rC+)
                  | [potion of mutation]
  1391 | D:3      | Gained mutation: Your natural rate of healing is unusually
                  | fast. [potion of mutation]
  1394 | D:3      | Gained mutation: You are partially covered in large bone
                  | plates. (SH +4) [demonic ancestry]
  1394 | D:3      | Reached XP level 3. HP: 8/24 MP: 0/7
  1506 | D:3      | Noticed a +0 dagger
  1555 | D:3      | Noticed a +0 hand axe
  1558 | D:3      | Found a hide-covered altar of Uskayaw.
  1959 | D:2      | Identified a scroll of acquirement
  1959 | D:2      | Acquired the amulet "Nenih" {RegenMP rElec Int+6 Stlth+}
  2058 | D:2      | Reached XP level 4. HP: 30/30 MP: 8/8
  2061 | D:2      | Learned a level 2 spell: Blink
  2120 | D:2      | Found Ciwkot's Jewellery Emporium.
  2579 | D:3      | Noticed Jessica
  2583 | D:3      | Killed Jessica
  2652 | D:3      | Gained mutation: You have sharp fingernails. [demonic
                  | ancestry]
  2652 | D:3      | Reached XP level 5. HP: 35/35 MP: 9/9
  3061 | D:4      | Reached skill level 1 in Translocations
  3259 | D:4      | Noticed an ogre
  3389 | D:4      | Noticed Blork the orc
  3395 | D:4      | Killed Blork the orc
  3396 | D:4      | Reached skill level 1 in Fighting
  3396 | D:4      | Reached skill level 1 in Unarmed Combat
  3473 | D:4      | Reached XP level 6. HP: 40/43 MP: 10/10
  3732 | D:5      | Entered Level 5 of the Dungeon
  3810 | D:5      | Found a staircase to the Ecumenical Temple.
  3929 | D:5      | Gained mutation: A meltable shield of frost defends you.
                  | (SH +0) [demonic ancestry]
  3929 | D:5      | Reached XP level 7. HP: 50/51 MP: 11/11
  3960 | D:5      | Noticed Duvessa
  3997 | D:5      | Killed Duvessa
  4009 | D:5      | Noticed Dowan
  4013 | D:5      | Killed Dowan
  4112 | D:5      | Noticed Eustachio
  4124 | D:5      | Noticed Pikel
  4139 | D:5      | Killed Eustachio
  4218 | D:5      | Gained mutation: You are mostly covered in large bone
                  | plates. (SH +6) [demonic ancestry]
  4218 | D:5      | Reached XP level 8. HP: 60/60 MP: 12/12
  4265 | D:5      | Found a sparkling altar of Nemelex Xobeh.
  4323 | Temple   | Entered the Ecumenical Temple
  4879 | D:5      | Found the +7 Singing Sword {vorpal, sonic wave}
  4982 | D:5      | Killed Pikel
  4983 | D:5      | Reached skill level 5 in Fighting
  4983 | D:5      | Reached skill level 2 in Long Blades
  4983 | D:5      | Reached skill level 5 in Translocations
  5129 | D:5      | Found an ancient bone altar of Kikubaaqudgha.
  5563 | D:6      | Found Qyno's Antique Weapon Emporium.
  5646 | D:6      | Reached XP level 9. HP: 69/69 MP: 13/13
  5932 | D:6      | Reached skill level 3 in Long Blades
  5955 | D:6      | Acquired 1026 gold pieces
  6113 | D:7      | Identified the +0 chain mail of Darkness {rPois Int+7
                  | Stlth+}
  6314 | D:7      | Found a runed translucent door.
  6315 | D:7      | Noticed Crazy Yiuf
  6360 | D:7      | Reached skill level 4 in Long Blades
  6361 | D:7      | Reached skill level 1 in Armour
  6846 | D:7      | Killed Crazy Yiuf
  6964 | D:9      | Reached skill level 5 in Long Blades
  7051 | D:9      | Noticed a troll
  7061 | D:9      | Killed a troll
  7107 | D:9      | Noticed a deep elf pyromancer
  7128 | D:9      | Killed a deep elf pyromancer
  7129 | D:9      | Reached skill level 6 in Long Blades
  7129 | D:9      | Reached XP level 10. HP: 77/77 MP: 14/14
  7240 | D:8      | Reached skill level 5 in Armour
  7260 | D:8      | Found Elilem's Overcharged Wands.
  7492 | D:8      | Found a snail-covered altar of Cheibriados.
  7500 | D:8      | Found a faded altar of an unknown god.
  7502 | D:8      | Found an iron altar of Okawaru.
  7504 | D:8      | Found a faded altar of an unknown god.
  7588 | D:8      | Became a worshipper of Cheibriados the Contemplative
  7780 | D:9      | Noticed a two-headed ogre
  7791 | D:9      | Killed a two-headed ogre
  7792 | D:9      | Reached skill level 7 in Long Blades
  7931 | D:9      | Found a sacrificial altar of Ru.
  7956 | D:9      | Found a hazy altar of Hepliaklqana.
  8047 | D:9      | Found a radiant altar of Vehumet.
  8155 | D:9      | Noticed a manticore
  8164 | D:9      | Killed a manticore
  8462 | D:10     | Entered Level 10 of the Dungeon
  8594 | D:10     | Found Zuwum's Armour Boutique.
  8624 | D:10     | Reached * piety under Cheibriados
  8685 | D:10     | Found a burning altar of Makhleb.
  8702 | D:10     | Gained mutation: You sometimes emit foul miasma when
                  | damaged in melee. [demonic ancestry]
  8702 | D:10     | Reached XP level 11. HP: 83/83 MP: 17/17
  8711 | D:10     | Reached skill level 8 in Long Blades
  8854 | D:10     | Reached skill level 5 in Spellcasting
  8984 | D:10     | Found a staircase to the Lair.
  9310 | D:11     | Noticed a four-headed hydra
  9337 | D:12     | Reached ** piety under Cheibriados
  9358 | D:12     | Found a staircase to the Orcish Mines.
  9548 | D:12     | Found Cotesh's Distillery.
  9553 | D:12     | Bought a potion of degeneration for 12 gold pieces
  9630 | D:12     | Reached skill level 1 in Invocations
  9645 | D:12     | Reached skill level 1 in Evocations
  9676 | D:12     | Reached *** piety under Cheibriados
  9859 | D:12     | Found a portal to a secret trove of treasure.
  9870 | D:12     | Noticed a deep elf pyromancer
  9881 | D:12     | Killed a deep elf pyromancer
 10302 | D:11     | Found a runed translucent gate.
 10303 | D:11     | Found a runed translucent gate.
 10304 | D:11     | Found a runed translucent gate.
 10306 | D:11     | Noticed xian's ghost (journeyman OpBe)
 10332 | D:11     | Killed xian's ghost
 10333 | D:11     | Reached skill level 9 in Long Blades
 10364 | D:11     | Acquired 966 gold pieces
 10413 | Lair:1   | Entered Level 1 of the Lair of Beasts
 10464 | Lair:1   | Learned a level 1 spell: Apportation
 10467 | Lair:1   | Learned a level 2 spell: Passwall
 10472 | Lair:1   | Learned a level 4 spell: Summon Lightning Spire
 10505 | Lair:1   | Reached skill level 1 in Air Magic
 10525 | Lair:1   | Noticed Erica
 10536 | Lair:1   | Killed Erica
 10537 | Lair:1   | Reached XP level 12. HP: 75/89 MP: 20/22
 10637 | D:11     | Reached **** piety under Cheibriados
 10741 | D:11     | Acquired the amulet of Xom's Fair Game {RegenMP Str-3 Dex+5
                  | Slay+5}
 10838 | D:11     | Killed a one-headed hydra
 10872 | D:11     | Found an iron altar of Okawaru.
 11109 | Lair:1   | Reached skill level 1 in Throwing
 11152 | Lair:1   | Noticed an eight-headed hydra
 11159 | Lair:1   | Killed a four-headed hydra
 11212 | Lair:1   | Reached ***** piety under Cheibriados
 11658 | Lair:2   | Reached skill level 10 in Long Blades
 11749 | Lair:2   | Found a runed translucent door.
 11752 | Lair:2   | Noticed Eptoer's ghost (journeyman MfBe)
 11753 | Lair:2   | Identified the +6 trident "Qadung" {protect, rN+ Will+ MP+9
                  | Dex+4}
 11817 | Lair:2   | Noticed a six-headed hydra
 11823 | Lair:2   | Killed a two-headed hydra
 12454 | Lair:3   | Reached skill level 5 in Summonings
 12628 | Lair:3   | Found a staircase to the Snake Pit.
 12942 | Lair:3   | Reached XP level 13. HP: 91/94 MP: 25/25
 13060 | Lair:3   | Identified the +1 robe of Free Will {rC+ Slay+6}
 13736 | Lair:4   | Reached skill level 5 in Air Magic
 14180 | Lair:4   | Identified the +7 bardiche of Starshine {spect, rElec
                  | rCorr}
 14278 | Lair:4   | Found a staircase to the Swamp.
 14552 | Lair:5   | Reached ****** piety under Cheibriados
 14589 | Lair:5   | Found a staircase to the Slime Pits.
 15245 | Lair:6   | Entered Level 6 of the Lair of Beasts
 15488 | Lair:6   | Noticed Nessos
 15491 | Lair:6   | Killed Nessos
 15570 | Lair:6   | Reached skill level 11 in Long Blades
 15795 | Lair:6   | Reached XP level 14. HP: 101/101 MP: 27/27
 16013 | Lair:6   | Found a runed translucent door.
 16096 | Lair:6   | Paralysed by a hornet for 1 turns
 16098 | Lair:6   | Reached skill level 5 in Dodging
 16737 | Lair:2   | Killed Eptoer's ghost
 16968 | D:13     | Noticed Snorg
 16979 | D:13     | Killed Snorg
 17103 | D:13     | Reached skill level 10 in Spellcasting
 17413 | D:13     | Acquired 1022 gold pieces
 17449 | D:13     | Noticed Erolcha
 17457 | D:13     | Killed Erolcha
 17898 | D:14     | Noticed Kirke
 17913 | D:14     | Reached skill level 12 in Long Blades
 17915 | D:14     | Killed Kirke
 18127 | D:15     | Entered Level 15 of the Dungeon
 18615 | D:15     | Found a runed translucent gate.
 18615 | D:15     | Found a runed translucent gate.
 18616 | D:15     | Found a runed translucent gate.
 18616 | D:15     | Noticed a quicksilver ooze
 18616 | D:15     | Noticed Wiilli's ghost (journeyman SpVM)
 18714 | D:15     | Found a staircase to the Depths.
 18951 | D:15     | Found a viscous altar of Jiyva.
 18952 | D:15     | Acquired 621 gold pieces
 19067 | Orc:1    | Entered Level 1 of the Orcish Mines
 19146 | Orc:2    | Entered Level 2 of the Orcish Mines
 19215 | Orc:2    | Found Futausk's Antique Weapon Shop.
 19375 | Orc:2    | Reached skill level 5 in Invocations
 19536 | Orc:2    | Found a staircase to the Elven Halls.
 19565 | Orc:2    | Gained mutation: A meltable icy envelope protects you from
                  | harm. (AC +0) [demonic ancestry]
 19565 | Orc:2    | Reached XP level 15. HP: 107/107 MP: 29/29
 19671 | Orc:2    | Found Zet Oziq's General Store.
 19686 | Orc:2    | Found Qehitoan's Armour Boutique.
 19806 | Orc:2    | Found Duatilux's General Store.
 19812 | Orc:2    | Bought a potion of heal wounds for 65 gold pieces
 19812 | Orc:2    | Bought a manual of Fighting for 1040 gold pieces
 19812 | Orc:2    | Bought a potion of heal wounds for 65 gold pieces
 19991 | Orc:2    | Found Ris Weuni's Armour Shop.
 20289 | Orc:1    | Reached skill level 13 in Long Blades
 20535 | Orc:1    | Found Vuhoutiv's Antique Weapon Boutique.
 20913 | Snake:1  | Entered Level 1 of the Snake Pit
 21202 | Snake:1  | Found Reohaity's Weapon Boutique.
 21376 | Snake:1  | Noticed Aizul
 21384 | Snake:1  | HP: 4/113 [salamander/+0 trident (12)]
 21384 | Snake:1  | Killed from afar by Aizul

Illustrated notes

Levels and vault maps discovered:
D:1:      pf_arrival_petrified_forest, layout_basic
D:2:      layout_loops_cross, serial_shops, nicolae_shop_statue_plus
D:3:      layout_basic, dancing_weapons_uskayaw, uniq_jessica
D:4:      layout_basic, uniq_blork_the_orc
D:5:      old_forge, layout_cave_pools, mainiacjoe_overflow_swirl,
          minmay_temple_entry_statues_pillars, kennysheep_dice, uniq_duvessa,
          uniq_pikel, uniq_eustachio
D:6:      layout_basic, serial_shops, shop
D:7:      layout_basic, uniq_crazy_yiuf_cottage
D:8:      layout_rooms, chequers_temple_overflow_minitemple,
          nicolae_shop_overcharged_wands
D:9:      layout_stronghold, mainiacjoe_overflow_surrounded_room,
          nicolae_overflow_crystal_walls, nicolae_ru_the_path_less_chosen,
          minivault_20
D:10:     layout_loops_ring, bloody_makhleb, lair_entry_dummy, serial_shops,
          shop
D:11:     layout_rooms, gammafunk_ghost_nasty_kobolds, okawaru_gym_becter
D:12:     layout_basic, hiddenorc2_lemuel, enter_trove_3, serial_shops,
          kennysheep_little_box
D:13:     layout_long_grid, nicolae_benzene_ring, uniq_snorg, uniq_erolcha
D:14:     layout_loops_ring, grunt_vaults_entry_fortified, minmay_bent,
          uniq_kirke, uniq_lodul, uniq_louise
D:15:     hangedman_depths_entry_try_elsewhere_first, layout_basic,
          minmay_misc_feat_diagonals, gammafunk_ghost_ooze
Temple:   nicolae_temple_bog_church
Lair:1:   layout_gridlike, uniq_erica
Lair:2:   layout_cave_pods, ebering_ghost_funeral_grove, lemuel_old_faithful,
          serial_bayou_shore_b
Lair:3:   layout_small_grid, minmay_snake_entry_guardpost_small, serial_bayou,
          serial_bayou_crossing, serial_bayou_pond_b, serial_bayou_shore_a,
          serial_bayou_lagoon_a, serial_bayou_lagoon_b, serial_bayou_ford_a
Lair:4:   layout_regular_city, nicolae_swamp_entry_splash_gauntlet,
          lemuel_fruit_tree
Lair:5:   layout_regular_city, minmay_slime_entry_pillars, nzn_sisyphean_effort,
          grunt_megastairs_2
Lair:6:   wormcave, layout_cave_pods, hangedman_lair_in_review,
          dreamdust_mushroom_princess, uniq_nessos
Snake:1:  layout_rooms, serial_shops, nicolae_shop_behind_doors, st_stairs_6,
          grunt_megastairs_5, serial_bayou_shore_b, uniq_aizul
Orc:1:    layout_caves, serial_shops, shop
Orc:2:    hellmonk_orc_salted, layout_diamond_mine, serial_shops,
          nicolae_diamond_shop

Skill      XL: |  1  2  3  4  5  6  7  8  9 10 11 12 13 14 15 |
---------------+----------------------------------------------+-----
Short Blades   | 1 2 |  2.8
Conjurations   | 2 3 4 |  4.0
Translocations | 1 2 3 5 6 7 |  7.6
Fighting       | 1 2 4 5 6 9 |  9.3
Unarmed Combat | 1 2 3 4 |  4.3
Long Blades    | 2 6 7 9 10 11 12 13 | 13.1
Armour         | 4 6 |  6.0
Spellcasting   | 4 6 8 9 10 | 10.6
Invocations    | 4 5 8 |  8.3
Evocations     | 3 |  3.3
Air Magic      | 1 4 6 8 |  8.4
Summonings     | 2 5 7 |  7.0
Throwing       | 3 4 |  4.0
Dodging        | 4 6 |  6.7
Stealth        | |  1.8

Action                   |  1- 3 |  4- 6 |  7- 9 | 10-12 | 13-15 || total
-------------------------+-------+-------+-------+-------+-------++-------
Melee: Dagger            |   106 |   148 |       |       |       ||   254
       Punch             |     3 |     1 |     8 |     7 |    11 ||    30
       Unarmed           |       |    13 |   210 |       |       ||   223
       Double sword      |       |       |   125 |   350 |   507 ||   982
       Scimitar          |       |       |       |    25 |     8 ||    33
 Cast: Magic Dart        |    43 |    70 |    82 |    17 |    15 ||   227
       Blink             |       |     2 |     2 |     1 |     7 ||    12
Invok: Slouch            |       |       |       |       |     4 ||     4
Evoke: Wand              |     2 |     2 |       |     9 |     8 ||    21
  Use: Potion            |     2 |       |     1 |     1 |     3 ||     7
       Scroll            |     2 |    10 |     8 |     9 |     9 ||    38
 Stab: Sleeping          |     3 |     5 |     2 |       |     5 ||    15
       Paralysed         |       |     3 |       |       |       ||     3
       Held in net/web   |       |       |     2 |       |       ||     2
       Distracted        |       |       |       |       |     4 ||     4
Armor: Robe              |    20 |    20 |    44 |       |    72 ||   156
       Chain mail        |       |       |    33 |   169 |    96 ||   298
Dodge: Dodged            |    94 |    98 |   183 |   181 |   487 ||  1043
Block: Other             |     3 |    29 |   162 |   222 |   313 ||   729

Table legend: (Time is in decaauts)
 A = Elapsed time spent in this place.
 B = Non-inter-level travel time spent in this place.
 C = Inter-level travel time spent in this place.
 D = Time resting spent in this place.
 E = Time spent auto-exploring this place.
 F = Levels seen in this place.
 G = Mean time per level.
                   A        B        C        D        E       F      G
               +--------+--------+--------+--------+--------+-----+--------+
         Total |  30558 |  27640 |   2918 |    137 |  23323 |  25 | 1222.3 |
       Dungeon |  16070 |  14391 |   1679 |     35 |  11741 |  15 | 1071.3 |
        Temple |    200 |    182 |     18 |      0 |    172 |   1 |  200.0 |
          Lair |  10754 |   9789 |    965 |    102 |   8604 |   6 | 1792.3 |
     Snake Pit |    847 |    847 |      0 |      0 |    695 |   1 |  847.0 |
  Orcish Mines |   2685 |   2432 |    253 |      0 |   2110 |   2 | 1342.5 |
               +--------+--------+--------+--------+--------+-----+--------+

Top non-repeatable levels by time:
  Lair:6: 2294 daAuts
  Lair:3: 2112 daAuts
   Orc:2: 1920 daAuts
  Lair:2: 1745 daAuts
    D:12: 1692 daAuts
  Lair:4: 1655 daAuts
    D:13: 1581 daAuts
  Lair:5: 1510 daAuts
    D:15: 1461 daAuts
  Lair:1: 1437 daAuts
    D:10: 1302 daAuts
     D:9: 1246 daAuts
     D:1: 1090 daAuts
     D:3: 1077 daAuts
     D:5: 1075 daAuts
